 Dungeon Crawl Stone Soup version 0.31.0-32-g396128a36d (webtiles) character file.

Game seed: 3455580954566343620

16 PaiMei the Grave Robber (level 2, -5/19 HPs)
             Began as a Demonspawn Necromancer on Apr 6, 2024.
             Slain by Sigmund
             ... wielding a +0 scythe
              (6 damage)
             ... on level 2 of the Dungeon.
             The game lasted 00:01:06 (1188 turns).

PaiMei the Grave Robber (Demonspawn Necromancer)    Turns: 1188, Time: 00:01:07

Health: -5/19      AC:  2    Str:  8    XL:     2   Next: 37%
Magic:  5/5        EV: 12    Int: 15    God:
Gold:   68         SH:  0    Dex: 13    Spells: 4/5 levels left

rFire   . . .        d - +0 dagger
rCold   . . .        (no shield)
rNeg    . . .        a - +0 robe
rPois   .            (no helmet)
rElec   .            (no cloak)
rCorr   .            (no gloves)
SInv    .            (no boots)
Will    .....        (no amulet)
Stlth   ++           (no ring)
HPRegen 0.23/turn    (no ring)
MPRegen 0.18/turn

%: no passive effects
@: no status effects
A: magic regeneration
a: no special abilities


You were on level 2 of the Dungeon.
You visited 1 branch of the dungeon, and saw 2 of its levels.

You collected 68 gold pieces.

Inventory:

Hand Weapons
 d - a +0 dagger (weapon)
Missiles
 g - 2 atropa-tipped darts (quivered)
 i - 6 javelins
Armour
 a - a +0 robe (worn)
Scrolls
 e - a scroll of silence {unknown}
 f - a scroll of identify {unknown}
Potions
 b - a potion of magic
 c - a potion of might {unknown}
 h - a potion of lignification {unknown}


   Skills:
 + Level 2.0 Dodging
 + Level 2.1 Stealth
 + Level 2.2 Spellcasting
 + Level 4.6 Necromancy


You had 4 spell levels left.
You knew the following spells:

 Your Spells              Type           Power      Damage    Failure   Level
a - Necrotise             Necr           60%        1d7       3%          1

Your spell library contained the following spells:

 Spells                   Type           Power      Damage    Failure   Level
 Vampiric Draining        Necr           15%        2d7       10%         3
 Animate Dead             Necr           15%        N/A       32%         4
 Curse of Agony           Necr           15%        N/A       67%         5


Dungeon Overview and Level Annotations

Branches:
Dungeon (2/15)

Altars:

Annotations:
D:2 Sigmund


Innate Abilities, Weirdness & Mutations

You regenerate magic rapidly.


Message History

Casting: Necrotise (safe; 3% risk of failure)
Confirm with . or Enter, or press ? or * to list all spells.
Aiming: Necrotise (safe; 3% risk of failure)
Press: ? - help, Shift-Dir - straight line, f/p - kobold
Aim: a kobold, wielding a +0 dagger and quivering stones (chance to affect: 85%)
The kobold writhes in agony.
You kill the kobold!
The dead are walking!
Casting: Necrotise (safe; 3% risk of failure)
Confirm with . or Enter, or press ? or * to list all spells.
You can't see any susceptible monsters within range! (Use Z to cast anyway.)
You see here 6 javelins.
i - 6 javelins HP restored.
Magic restored.
You swap places.
Things that are here:
a +0 dagger; 2 stones You now have 50 gold pieces (gained 8).
You now have 66 gold pieces (gained 16).
Your kobold skeleton crumbles into dust!
You open the door.
There is an open door here.
You now have 68 gold pieces (gained 2).
Sigmund the Dreaded comes into view.
He is wielding a +0 scythe and wearing a +2 robe of cold resistance.
Sigmund shouts!
Sigmund attacks as he pursues you!
Sigmund hits you from afar with a +0 scythe!
Ouch! That really hurt!
Sigmund points at you and mumbles some strange words.
You are confused.
You bump into the rock wall.
Sigmund casts a spell at you. The puff of flame hits you!
* * * LOW HITPOINT WARNING * * *
You bump into the rock wall.
You feel less confused.
Sigmund hits you from afar with a +0 scythe.
You die...
Sigmund begins carving another notch in his scythe.

############
#..........#
#.########.#######
####'######.........#
####.........#.#.#####.#
.............#.#@#
.............# #.#
.............# #@#
.............# #.#
.............# #.#
..).###+###### #.# ....+
#.# ....### #.....#
........ ....#.#


You could see Sigmund.

Vanquished Creatures
  2 ball pythons (D:1)
  An endoplasm (D:1)
  2 giant cockroaches (D:1)
  A goblin (D:1)
  3 hobgoblins (D:1)
  2 kobolds
  A frilled lizard (D:1)
  2 rats (D:1)
14 creatures vanquished.

Notes
Turn   | Place    | Note
-------+----------+-------------------------------------------
     0 | D:1      | PaiMei the Demonspawn Necromancer began the quest for the
                  | Orb.
     0 | D:1      | Reached XP level 1. HP: 13/13 MP: 3/3
   551 | D:1      | Gained mutation: You regenerate magic rapidly. [demonic
                  | ancestry]
   551 | D:1      | Reached XP level 2. HP: 19/19 MP: 0/5
  1178 | D:2      | Noticed Sigmund
  1188 | D:2      | Slain by Sigmund

Illustrated notes

Levels and vault maps discovered:
D:1:      evilmike_arrival_rings, layout_basic
D:2:      layout_basic, minmay_quadrilaterals, uniq_terence, uniq_robin,
          uniq_sigmund

Skill      XL: |  1 |
---------------+----+-----
Stealth        | 2 |  2.1
Dodging        | 2 |  2.0
Spellcasting   | |  2.2
Necromancy     | |  4.6

Action                     || total
---------------------------++-------
   Cast: Necrotise         ||    26
 Armour: Robe              ||     6
  Dodge: Dodged            ||     3
